 Dungeon Crawl Stone Soup version 0.13-a0-1585-g6f4f798 (webtiles) character file.

220 Koal the Twirler (level 4, -3/35 HPs)
             Began as a Demonspawn Gladiator on June 12, 2013.
             Was an Initiate of Makhleb.
             Slain by a sky beast (6 damage)
             ... on Level 3 of the Dungeon.
             The game lasted 00:06:20 (2199 turns).

Koal the Twirler (Demonspawn Gladiator)             Turns: 2199, Time: 00:06:21

HP  -3/35        AC  5     Str 20      XL: 4   Next: 51%
MP   3/3         EV 12     Int 10      God: Makhleb [......]
Gold 117         SH  0     Dex 14      Spells:  0 memorised,  3 levels left

Res.Fire  : . . .   See Invis. : .   a - +0 quarterstaff
Res.Cold  : . . .   Warding    : .   b - +0 leather armour
Life Prot.: . . .   Conserve   : .   (no shield)
Res.Poison: .       Res.Corr.  : .   c - +0 helmet
Res.Elec. : .       Clarity    : .   (no cloak)
Sust.Abil.: . .     Spirit.Shd : .   (no gloves)
Res.Mut.  : .       Stasis     : .   i - +0 pair of boots
Res.Rott. : .       Flight     : .   (no amulet)
Saprovore : . . .                    (no ring)
                                     (no ring)

@: mighty, slightly resistant to hostile enchantments, fairly stealthy
A: conserve scrolls, nightstalker 1
a: Renounce Religion


You were on level 3 of the Dungeon.
You worshipped Makhleb.
Makhleb was pleased with you.
You were not hungry.

You visited 1 branch of the dungeon, and saw 3 of its levels.

You collected 97 gold pieces.

Inventory:

Hand weapons
 a - a +0,+0 quarterstaff (weapon)
Missiles
 d - 3 throwing nets {=f}
 m - a dart (quivered)
Armour
 b - a +0 leather armour (worn)
 c - a +0 helmet (worn)
 i - a +0 pair of boots (worn)
Comestibles
 f - 3 bread rations
 g - a rotting chunk of goblin flesh
 t - a chunk of giant newt flesh
 u - a chunk of giant cockroach flesh
Scrolls
 e - 3 scrolls of magic mapping {unknown}
 l - 4 scrolls of identify {unknown}
 n - a scroll of recharging {unknown}
 o - a scroll of remove curse {unknown}
 w - a scroll of noise {unknown}
Jewellery
 s - a +4 ring of evasion {unknown}
Potions
 j - a potion of speed {unknown}
 k - a potion of magic {unknown}
 p - a potion of brilliance {unknown}
 q - a potion of curing {unknown}
 r - a potion of heal wounds {unknown}
 v - a potion of paralysis {unknown}


   Skills:
 - Level 2.0 Fighting
 + Level 4.8 Staves
 - Level 1.7 Throwing
 - Level 2.6 Dodging


You had 3 spell levels left.
You didn't know any spells.

Dungeon Overview and Level Annotations

Branches:
Dungeon (3/27)

Altars:
Makhleb


Innate Abilities, Weirdness & Mutations

You are very good at protecting items from fire.
You are slightly more attuned to the shadows.


Message History

The sky beast is lightly wounded.
The sky beast flickers out of sight!
Deactivating autopickup; reactivate with Ctrl-A.
It hits you. It shocks you!
You miss it. It hits you. It shocks you.
You miss it. It barely misses you.
You hit it. It barely misses you.
You miss it. It hits you. It shocks you.
You sock it! It hits you but does no damage.
You miss it. It hits you. It shocks you.
* * * LOW HITPOINT WARNING * * *
You sock it! It hits you but does no damage.
Drink which item? (? for menu, Esc to quit)
You feel very mighty all of a sudden.
It was a potion of might.
A sky beast appears from thin air!
Reactivating autopickup.
The sky beast hits you.
* * * LOW HITPOINT WARNING * * *
The sky beast shocks you!
You die...

#...######..........
#.### ####..##...
#.# #..# ## #.# #..#
#.# ##### #..# #.#
.....# #..#
#.##.....# #..#
#..#I....## #..#
#..@....... ...#
#..######## ##. #.##
#.# #.# ###


You could see a sky beast.

Vanquished Creatures
  A hound (D:2)
  Ijyb (D:3)
  2 adders (D:3)
  A giant gecko (D:2)
  2 giant cockroaches
  7 hobgoblins
  4 jackals
  4 kobolds
  2 ball pythons (D:2)
  2 bats (D:2)
  2 giant newts
  5 goblins
  4 rats
37 creatures vanquished.

Notes
Turn   | Place    | Note
--------------------------------------------------------------
     0 | D:1      | Koal, the Demonspawn Gladiator, began the quest for the Orb.
     0 | D:1      | Reached XP level 1. HP: 17/17 MP: 0/0
   343 | D:1      | Reached skill level 3 in Staves
   630 | D:1      | Gained mutation: You are slightly more attuned to the shadows. [demonic ancestry]
   630 | D:1      | Reached XP level 2. HP: 17/23 MP: 1/1
  1163 | D:2      | Found a burning altar of Makhleb.
  1163 | D:2      | Noticed a hound
  1179 | D:2      | Killed a hound
  1179 | D:2      | Reached skill level 4 in Staves
  1179 | D:2      | Gained mutation: You are very good at protecting items from fire. [demonic ancestry]
  1179 | D:2      | Reached XP level 3. HP: 6/28 MP: 2/2
  1388 | D:2      | Became a worshipper of Makhleb the Destroyer
  1787 | D:3      | Noticed Ijyb
  1808 | D:3      | Killed Ijyb
  1808 | D:3      | Reached XP level 4. HP: 20/35 MP: 3/3
  2190 | D:3      | Noticed a sky beast
  2199 | D:3      | Slain by a sky beast

Action                   |  1- 3 |  4- 6 || total
-------------------------+-------+-------++-------
Melee: Quarterstaff      |   111 |    45 ||   156
Throw: Dart              |    14 |     3 ||    17
  Use: Potion            |       |     1 ||     1
 Stab: Sleeping          |     1 |     1 ||     2
